 Dungeon Crawl Stone Soup version 0.32-a0-953-g508020473e (webtiles) character file.

Game seed: 7270949875782410684

86 Shayle the Apothecary (level 4, 0/33 HPs)
             Began as a Coglin Alchemist on Apr 16, 2024.
             Slain by an orc
             ... wielding a +0 club
              (3 damage)
             ... on level 3 of the Dungeon.
             The game lasted 00:05:58 (2106 turns).

Shayle the Apothecary (Coglin Alchemist)            Turns: 2106, Time: 00:05:58

Health: 0/33       AC:  3    Str:  8    XL:     4   Next: 50%
Magic:  6/6        EV: 11    Int: 17    God:
Gold:   91         SH:  0    Dex: 14    Spells: 5/6 levels left

rFire   . . .        i - +1 dagger (venom) {Surjit}
rCold   . . .        j - +3 dagger (drain) {Cuahtemoc}
rNeg    . . .        a - +0 robe
rPois   .            (no helmet)
rElec   .            p - +0 cloak
rCorr   .            (no gloves)
SInv    .            (no boots)
Will    .....        (amulet unavailable)
Stlth   ++           (ring unavailable)
HPRegen 0.25/turn    (ring unavailable)
MPRegen 0.10/turn    (no gizmo)

%: no passive effects
@: brilliant, weak-willed, attractive, revving
A: off-hand wielding, slow wielding, warmup strikes, no jewellery
a: Invent Gizmo


You were on level 3 of the Dungeon.
You visited 1 branch of the dungeon, and saw 3 of its levels.

You collected 91 gold pieces.

Inventory:

Hand Weapons
 d - a +0 dagger {Miranda}
 e - a +0 spear {Udom}
 i - a +1 dagger of venom (weapon) {Surjit}
 j - a +3 dagger of draining (offhand) {Cuahtemoc}
 l - a +0 sling
Armour
 a - a +0 robe (worn)
 p - a +0 cloak (worn)
Potions
 b - a potion of magic
 f - 2 potions of attraction
 k - a potion of brilliance
 m - a potion of curing {unknown}
 o - a potion of enlightenment {unknown}
 q - a potion of haste {unknown}


   Skills:
 + Level 2.2 Fighting
 + Level 2.8 Dodging
 - Level 1.5 Stealth
 - Level 1.7 Spellcasting
 - Level 0.8 Conjurations
 - Level 3.2 Alchemy
 + Level 1.5 Invocations


You had 5 spell levels left.
You knew the following spells:

 Your Spells              Type           Power      Damage    Failure   Level
a - Sting                 Conj/Alch      48%        1d6       9%          1

Your spell library contained the following spells:

 Spells                   Type           Power      Damage    Failure   Level
 Mercury Vapours          Alch/Air       20%        N/A       16%         2
 Mephitic Cloud           Conj/Alch/Air  9%         N/A       34%         3
 Olgreb's Toxic Radiance  Alch           19%        N/A       45%         4
 Sticky Flame             Fire/Alch      10%        2d5       69%         4


Dungeon Overview and Level Annotations

Branches:
Dungeon (3/15)

Altars:
Hepliaklqana

Shops:
D:2 [

Annotations:
D:3 Sigmund


Innate Abilities, Weirdness & Mutations

You can wield a second weapon in your off-hand.
It takes a long time for you to wield or remove held weapons.
Your first few attacks do less damage.
You cannot equip rings or amulets.


Message History

You kill the orc!
The orc attacks as it pursues you! The orc misses you.
The orc attacks as it pursues you! The orc hits you with a +0 club.
A hobgoblin comes into view.
The orc attacks as it pursues you! The orc closely misses you.
The orc attacks as it pursues you! The orc misses you.
There is a stone staircase leading up here.
The orc misses you.
As you read the scroll labelled ZUMUOFUI GUUXT, it crumbles to dust.
You assume a fearsome visage.
The orc looks frightened!
It was a scroll of fear.
As you read the scroll labelled HYRIJY ZAAR, it crumbles to dust.
It is a scroll of enchant weapon.
Your +2 dagger of draining {Cuahtemoc} glows red for a moment.
As you read the scroll labelled JERCHU VAGRIER, it crumbles to dust.
Your attack snaps the orc out of its fear.
A wave of despondency washes over your surroundings.
It was a scroll of vulnerability.
As you read the scroll labelled FUHEQABION, it dissolves into smoke.
It was a scroll of fog.
Something barely misses you. Something barely misses you.
You hit the orc with your +1 dagger of venom.
The orc is heavily wounded.
You barely miss the orc with your +3 dagger of draining.
The orc hits you with a +0 club.
You barely miss the orc with your +1 dagger of venom.
The orc is heavily wounded.
You barely miss the orc with your +3 dagger of draining.
The orc barely misses you. Something hits you.
* * * LOW HITPOINT WARNING * * *
Unknown command.
It was a potion of attraction.
You feel attractive to monsters. The orc hits you with a +0 club.
* * * LOW HITPOINT WARNING * * *
Something completely misses you.
It was a potion of brilliance.
You feel clever all of a sudden. The orc hits you with a +0 club.
You die...

############
#§@o{§§....########
###§###§§.......<....
.......§§............
###.###.####........[
#. #.#####.####.## #.
#.......####.# #.
#............# #.
##.########### #)#


You could see an orc (weak-willed).

Vanquished Creatures
  2 adders (D:2)
  A ribbon worm (D:3)
  4 orcs (D:3)
  2 bats (D:2)
  6 endoplasms
  4 giant cockroaches
  6 goblins
  4 hobgoblins
  6 jackals
  A quokka (D:2)
  10 frilled lizards (D:2)
  6 kobolds
  5 rats
57 creatures vanquished.

Notes
Turn   | Place    | Note
-------+----------+-------------------------------------------
     0 | D:1      | Shayle the Coglin Alchemist began the quest for the Orb.
     0 | D:1      | Reached XP level 1. HP: 13/13 MP: 3/3
   250 | D:1      | Reached XP level 2. HP: 15/20 MP: 4/4
   359 | D:1      | Reached skill level 1 in Fighting
  1115 | D:2      | Found a hazy altar of Hepliaklqana.
  1123 | D:2      | Reached XP level 3. HP: 26/26 MP: 5/5
  1164 | D:2      | Reached skill level 1 in Invocations
  1294 | D:2      | You fall into a shaft and drop 1 floor!
  1416 | D:2      | Found a faded altar of an unknown god.
  1499 | D:2      | Found Meelew's Armour Boutique.
  1512 | D:2      | Reached XP level 4. HP: 32/33 MP: 6/6
  2078 | D:3      | Noticed Sigmund
  2106 | D:3      | Slain by an orc

Illustrated notes

Levels and vault maps discovered:
D:1:      sevenhm_arrival_forest_fort_large_4, layout_basic
D:2:      layout_basic, serial_shops, shop, chequers_ecumenical_altar_simple,
          serial_forest, infiniplex_forest_clump_curved,
          infiniplex_forest_side_room, infiniplex_forest_lined_room_3,
          infiniplex_forest_side_room, infiniplex_forest_3_way,
          infiniplex_forest_zigzag_1, infiniplex_forest_lined_3_way,
          infiniplex_forest_end_double, infiniplex_forest_straight_2,
          basic_altar, minmay_lizard_king
D:3:      layout_loops_ring, mainiacjoe_overflow_surrounded_room, led_xom_imps,
          uniq_sigmund, uniq_crazy_yiuf_cottage

Skill      XL: |  1  2  3 |
---------------+----------+-----
Dodging        | 2 |  2.8
Fighting       | 1 2 |  2.2
Invocations    | 1 |  1.5
Stealth        | |  1.5
Spellcasting   | |  1.7
Conjurations   | |  0.8
Alchemy        | |  3.2

Action                     |  1- 3 |  4- 6 || total
---------------------------+-------+-------++-------
  Melee: Dagger            |    96 |    67 ||   163
         Unarmed           |     1 |       ||     1
         Spear             |     8 |       ||     8
   Cast: Sting             |    11 |       ||    11
    Use: Scroll            |       |     4 ||     4
         Potion            |       |     2 ||     2
   Stab: Sleeping          |     4 |     2 ||     6
 Armour: Robe              |    28 |    12 ||    40
  Dodge: Dodged            |    32 |    16 ||    48

Table legend: (Time is in decaauts)
 A = Elapsed time spent in this place.
 B = Non-inter-level travel time spent in this place.
 C = Inter-level travel time spent in this place.
 D = Time resting spent in this place.
 E = Time spent auto-exploring this place.
 F = Levels seen in this place.
 G = Mean time per level.
                   A        B        C        D        E       F      G
               +--------+--------+--------+--------+--------+-----+--------+
         Total |   2105 |   1992 |    113 |     73 |   1473 |   3 |  701.7 |
       Dungeon |   2105 |   1992 |    113 |     73 |   1473 |   3 |  701.7 |
               +--------+--------+--------+--------+--------+-----+--------+

Top non-repeatable levels by time:
     D:1: 1101 daAuts
     D:2: 948 daAuts
     D:3: 55 daAuts
